Map: Emerald City LE

Players

Massa

  • Race: Terran Terran
  • League: Gold
  • Spawn Location: 5:00

qqq

  • Race: Zerg Zerg
  • League: Platinum
  • Spawn Location: 5:00

CuddleBunny

  • Race: Terran Terran
  • League: Diamond
  • Spawn Location: 11:00

CovidTwenty

  • Race: Zerg Zerg
  • League: Diamond
  • Spawn Location: 11:00

VOD

Have the link to the VOD?

Description

Time

  • Played on: Aug. 27, 2020, 7:18 a.m.
  • Length: 4:22
Show
View Real Time Build Order
Export as new Build Order

Massa Terran 

Build Orders: Gas First Reaper Expand 

Get SALT Encoding   

  12  0:01  SCV  
  13  0:13  SCV  
  14  0:23  Supply Depot  
  14  0:25  SCV  
  15  0:29  Refinery  
  15  0:45  SCV  
  15  0:47  Barracks  
  16  0:57  SCV  
  17  1:09  SCV  
  18  1:18  Refinery  
  18  1:21  SCV  
  19  1:34  Reaper  
  20  1:40  Command Center  
  20  1:45  SCV  
  21  2:00  Orbital Command  
  21  2:06  Marine  
  22  2:31  Factory  
  22  2:32  Barracks Tech Lab  
  22  2:39  Barracks  
  21  2:47  SCV  
  22  2:52  Marauder  
  23  3:00  SCV  
  24  3:08  SCV  
  24  3:12  SCV  
  26  3:13  Marauder  
  26  3:18  Bunker  
  28  3:21  SCV  
  28  3:23  Factory Tech Lab  
  28  3:26  Barracks Reactor  
  29  3:33  Factory  
  29  3:34  Orbital Command  
  29  3:43  Refinery  
  29  3:44  SCV  
  30  3:49  Siege Tank  
  30  3:52  Marine  
  34  3:57  SCV  
  35  4:09  SCV  
  38  4:21  Engineering Bay  
Show
View Real Time Build Order
Export as new Build Order

qqq Zerg 

Build Orders: Hatch First 

Get SALT Encoding   

  12  0:04  Drone  
  13  0:11  Drone  
  14  0:37  Hatchery  
  14  0:42  Drone  
  14  0:59  Spawning Pool  
  13  1:22  Drone  
  13  1:23  Overlord  
  15  1:47  Extractor, Drone x2  
  15  1:48  Drone  
  15  1:49  Drone  
  15  1:51  Queen  
  19  1:55  Queen  
  21  2:21  Drone  
  21  2:22  Overlord  
  22  2:23  Zergling x2  
  22  2:27  Drone  
  22  2:28  Drone x2  
  26  2:42  Drone  
  27  2:48  Drone  
  27  2:49  Zergling x2  
  29  2:57  Zergling x2  
  30  3:03  Spine Crawler  
  30  3:05  Zergling x6  
  31  3:06  Zergling x6  
  35  3:14  Spine Crawler  
  33  3:25  Zergling x4  
  33  3:32  Queen  
  35  3:36  Drone  
  35  3:40  Overlord  
  36  3:55  Overlord  
  36  3:57  Overlord  
  41  4:21  Baneling Nest  
Show
View Real Time Build Order
Export as new Build Order

CuddleBunny Terran 

Build Orders: Reaper Expand 

Get SALT Encoding   

  12  0:00  SCV  
  13  0:12  SCV  
  14  0:18  Supply Depot  
  14  0:25  SCV  
  15  0:40  SCV  
  15  0:42  Barracks  
  16  0:48  Refinery  
  16  0:53  SCV  
  17  1:05  SCV  
  18  1:17  SCV  
  19  1:42  Orbital Command  
  19  1:45  Command Center  
  18  2:03  Reaper  
  19  2:14  SCV  
  19  2:25  Bunker  
  19  2:33  Bunker  
  19  2:38  Refinery  
  19  2:39  Marine  
  19  2:43  Barracks  
  20  2:48  SCV  
  21  2:57  Factory  
  21  3:00  SCV  
  22  3:08  Supply Depot  
  22  3:10  Orbital Command  
  22  3:13  SCV  
  23  3:33  SCV  
  24  3:38  SCV  
  24  3:39  Supply Depot  
  25  3:44  Factory Tech Lab, Barracks Tech Lab  
  25  3:45  SCV  
  25  3:46  Barracks Reactor  
  26  3:50  Starport  
  26  3:51  SCV  
  27  3:57  SCV  
  28  4:03  SCV  
  28  4:07  Refinery  
  28  4:09  SCV  
Show
View Real Time Build Order
Export as new Build Order

CovidTwenty Zerg 

Build Orders: Hatch First 

Get SALT Encoding   

  12  0:01  Drone  
  13  0:16  Overlord  
  13  0:17  Drone  
  14  0:36  Drone x2  
  14  0:38  Drone  
  17  0:49  Drone  
  18  0:58  Hatchery  
  18  1:02  Drone  
  18  1:03  Extractor  
  17  1:10  Drone  
  18  1:21  Drone  
  19  1:26  Spawning Pool  
  19  1:32  Drone  
  19  1:52  Drone  
  20  2:14  Zergling x6  
  23  2:15  Queen  
  23  2:16  Queen  
  23  2:17  Metabolic Boost  
  27  2:29  Overlord  
  27  2:40  Drone  
  29  2:51  Drone x5  
  29  2:52  Baneling Nest  
  29  2:57  Evolution Chamber  
  31  3:05  Drone x3  
  31  3:29  Drone x5  
  36  3:34  Overlord  
  36  3:40  Overlord  
  36  3:53  Hatchery  
  35  4:02  Drone x3, Extractor  
  37  4:04  Zergling x4  
Tags
 
Add a new tag
Caveats
  • Supply blocks, unpowered buildings, or Contaminate may cause inaccurate times.
  • Supply counts are checked every 10 seconds.